 Dungeon Crawl Stone Soup version 0.28.0 (webtiles) character file.

Game seed: 17256584353441138544

91 AmazingTV the Vandal (level 4, 0/38 HPs)
             Began as a Minotaur Hunter on Mar 23, 2024.
             Slain by Sigmund (9 damage)
             ... on level 2 of the Dungeon.
             The game lasted 00:04:01 (1182 turns).

AmazingTV the Vandal (Minotaur Hunter)              Turns: 1182, Time: 00:04:02

Health: 0/38       AC:  3    Str: 19    XL:     4   Next: 33%
Magic:  3/3        EV: 11    Int:  8    God:
Gold:   32         SH:  0    Dex: 10    Spells: 3/3 levels left

rFire   . . .      SeeInvis .   b - +0 short sword {short}
rCold   . . .      Faith    .   (no shield)
rNeg    . . .      Spirit   .   c - +0 leather armour
rPois   .          Reflect  .   (helmet restricted)
rElec   .          Harm     .   (no cloak)
rCorr   .          Rampage  .   (no gloves)
Will    .....                   (no boots)
Stlth   +.........              (no amulet)
HPRegen 0.12/turn               (no ring)
MPRegen 0.08/turn               (no ring)

@: no status effects
A: horns 2, retaliatory headbutt
a: no special abilities


You were on level 2 of the Dungeon.
You visited 1 branch of the dungeon, and saw 2 of its levels.

You collected 32 gold pieces.


Innate Abilities, Weirdness & Mutations

You have a pair of horns on your head.
You reflexively headbutt those who attack you in melee.


   Skills:
 + Level 3.3 Fighting
 * Level 2.9 Axes
 - Level 4.3 Slings
 + Level 2.0 Armour
 - Level 2.1 Dodging
 - Level 0.7 Stealth
 + Level 1.9 Shields


You had 3 spell levels left.
You didn't know any spells.
Your spell library contained the following spells:

 Spells                   Type           Power      Damage    Failure   Level
 Animate Skeleton         Necr           0%         N/A       45%         1
 Apportation              Tloc           0%         N/A       45%         1
 Magic Dart               Conj           0%         1d3       45%         1
 Summon Small Mammal      Summ           0%         N/A       45%         1
 Call Imp                 Summ           0%         N/A       61%         2
 Mephitic Cloud           Conj/Pois/Air  0%         N/A       83%         3
 Portal Projectile        Hex/Tloc       0%         N/A       83%         3
 Blade Hands              Tmut           0%         N/A       100%        5
 Excruciating Wounds      Necr           0%         N/A       100%        5

Inventory:

Hand Weapons
 a - a +1 hunting sling {sling}
 b - a +0 short sword (weapon) {short}
Missiles
 d - 15 sling bullets
 e - 26 stones (quivered)
 h - 23 arrows
Armour
 c - a +0 leather armour (worn)
Scrolls
 g - a scroll of identify {unknown}

Dungeon Overview and Level Annotations

Branches:
Dungeon (2/15)

Altars:

Annotations:
D:2 Sigmund

####.. #....#
######....#
#.>.......#
#.<..# #...)#
#....# #..
##.#.## #.#
#.@#.# ###.#####
#@##.# #.......#
#K#..# #.......#
#(#... #.......#
..#...
#..รท(...#..#...#
###..<....... .
#....รท.K...(. .
###.#.......(##
#.


You could see Sigmund and a kobold.


Message History

๐Ÿ˜• HP[+1] Fire: 29 stones
Press: ? - help, Q - select action, (/) - cycle Shift-Dir - straight line You shoot a stone.
The hobgoblin shouts!
The hobgoblin throws a stone.
The stone barely misses you.
You hear a zap.
A puff of flame appears from out of thin air!
The puff of flame hits you. ๐Ÿ˜ฎ HP[-5]
You take 5 damage, and now have 28/38 hp.
A puff of flame appears from out of thin air!
The puff of flame misses you.
The hobgoblin throws a stone.
The stone hits you.
A kobold comes into view.
It is wielding a +0 short sword. ๐Ÿ˜ฎ HP[-4]
You take 4 damage, and now have 24/38 hp.
The kobold shouts!
You are too injured to fight recklessly!
The hobgoblin closely misses you. You furiously retaliate!
You headbutt the hobgoblin!
You kill the hobgoblin!
The kobold throws a stone.
The stone closely misses you.
Your Armour skill increases to level 2!
There is a stone staircase leading up here.
You are too injured to fight recklessly!
Fire: 28 stones
Press: ? - help, Q - select action, (/) - cycle Shift-Dir - straight line, f - kobold
Aim: a kobold, wielding a +0 short sword and quivering stones (53% to hit)
You shoot a stone. The stone completely misses the kobold.
The kobold throws a stone.
The stone barely misses you.
Fire: 27 stones
Press: ? - help, Q - select action, (/) - cycle Shift-Dir - straight line, f/p - kobold
Aim: a kobold, wielding a +0 short sword and quivering stones (53% to hit)
You shoot a stone. The stone barely misses the kobold.
You climb upwards.
Reactivating autopickup.
There is a stone staircase leading down here. ๐Ÿ˜ฎ HP[+1]
There is a stone staircase leading down here.
You start resting. ๐Ÿ˜Ž HP[+13]
Your hp is fully restored (38).
You climb downwards.
Level annotation: Sigmund
Found a book of Weapons and an arbalest.
Found a stone staircase leading down.
There is a stone staircase leading up here.
Unknown command.
Unknown command.
You pick up a book of Weapons and begin reading...
You add the spells Portal Projectile, Excruciating Wounds and Blade Hands to your library.
You see here a +0 arbalest {crossbow}.
You see here a +0 arbalest {crossbow}.
Sigmund is nearby!
You throw a poisoned dart. The poisoned dart hits Sigmund.
Sigmund is poisoned.
You throw a poisoned dart. The poisoned dart hits Sigmund.
Sigmund looks even sicker.
You throw a poisoned dart.
The poisoned dart completely misses Sigmund.
You shoot a sling bullet. The sling bullet barely misses Sigmund.
You shoot a sling bullet. The sling bullet barely misses Sigmund.
You shoot a sling bullet.
The sling bullet hits Sigmund but does no damage.
Sigmund is suddenly surrounded by pale green light.
Sigmund zaps a wand.
The puff of flame hits you! ๐Ÿ˜• HP[-7]
You take 7 damage, and now have 31/38 hp.
You shoot a sling bullet. The sling bullet hits Sigmund.
You shoot a sling bullet. The sling bullet hits Sigmund.
Sigmund closely misses you.
b - a +0 short sword (weapon)
{short} Sigmund gestures at you while chanting.
You are confused. ๐Ÿ˜• HP[+1]
You miss Sigmund. Sigmund looks at you with fury.
Sigmund hits you with a +0 scythe! ๐Ÿ˜ฎ HP[-9]
You take 9 damage, and now have 23/38 hp.
MASSIVE DAMAGE!! (PAUSE)
You miss Sigmund.
Sigmund looks more healthy.
Sigmund hits you with a +0 scythe!
* * * LOW HITPOINT WARNING * * *
๐Ÿ˜จ HP[-9]
You take 9 damage, and now have 14/38 hp.
MASSIVE DAMAGE!! (PAUSE)
You bump into the rock wall.
You hit Sigmund but do no damage. Your headbutt misses Sigmund.
Sigmund zaps a wand.
The puff of flame hits you.
* * * LOW HITPOINT WARNING * * *
๐Ÿ˜ฑ HP[-5]
You take 5 damage, and now have 9/38 hp.
You hit Sigmund. Your headbutt misses Sigmund.
You feel less confused. Sigmund hits you but does no damage.
You hit Sigmund. Sigmund hits you with a +0 scythe!
You die...

Skill      XL: |  1  2  3  4 |
---------------+-------------+-----
Axes           | 1 2 |  2.9
Armour         | 1 2 |  2.0
Shields        | 1 |  1.9
Fighting       | 3 |  3.3
Slings         | |  4.3
Dodging        | |  2.1
Stealth        | |  0.7

Action                   |  1- 3 |  4- 6 || total
-------------------------+-------+-------++-------
Melee: Short sword       |    28 |     8 ||    36
       Headbutt          |     6 |       ||     6
 Fire: Hunting sling     |    22 |    15 ||    37
Throw: Dart              |       |     3 ||     3
Armor: Leather armour    |    11 |     3 ||    14
Dodge: Dodged            |    23 |     6 ||    29

Levels and vault maps discovered:
D:1:      dpeg_arrival_refuge, layout_loops_ring,
          dreamdust_ecumenical_altar_grove, hex_large
D:2:      layout_rooms, basic_altar, uniq_sigmund

Notes
Turn   | Place    | Note
-------+----------+-------------------------------------------
     0 | D:1      | AmazingTV the Minotaur Hunter began the quest for the Orb.
     0 | D:1      | Reached XP level 1. HP: 18/18 MP: 0/0
     0 | D:1      | magus.rc [v1.9.6]
   152 | D:1      | Found a faded altar of an unknown god.
   195 | D:1      | Reached skill level 1 in Axes
   241 | D:1      | You pick up a book of Minor Magic and begin reading...
   241 | D:1      | You add the spells Magic Dart, Call Imp and Mephitic Cloud
                  | to your library.
   250 | D:1      | Reached XP level 2. HP: 24/25 MP: 1/1
   308 | D:1      | You pick up a book of Cantrips and begin reading...
   308 | D:1      | You add the spells Animate Skeleton, Summon Small Mammal
                  | and Apportation to your library.
   640 | D:1      | Reached skill level 1 in Armour
   806 | D:2      | Reached skill level 1 in Shields
   813 | D:2      | Reached XP level 3. HP: 25/30 MP: 2/2
   864 | D:2      | Reached skill level 2 in Axes
   866 | D:2      | Noticed a scorpion
   880 | D:2      | Killed a scorpion
   881 | D:2      | Reached skill level 3 in Fighting
   881 | D:2      | Reached XP level 4. HP: 24/38 MP: 3/3
  1024 | D:2      | Noticed Sigmund
  1040 | D:2      | Reached skill level 2 in Armour
  1155 | D:2      | You pick up a book of Weapons and begin reading...
  1155 | D:2      | You add the spells Portal Projectile, Excruciating Wounds
                  | and Blade Hands to your library.
  1180 | D:2      | HP: 9/38 [Sigmund/puff of flame (5)]
  1182 | D:2      | Slain by Sigmund

Vanquished Creatures
  A scorpion (D:2)
  An adder (D:2)
  A ball python (D:2)
  2 endoplasms
  A giant cockroach (D:1)
  3 goblins
  3 hobgoblins
  2 kobolds (D:2)
  2 quokkas (D:1)
  4 bats
  A frilled lizard (D:1)
  2 rats (D:2)
23 creatures vanquished.

Table legend:
 A = Non-vault XP
 B = Vault XP
 C = Vault XP percentage of total XP
 D = Non-vault monster count
 E = Vault monster count
 F = Vault count percentage of total count
                 A         B        C        D         E       F
            +---------+---------+-------+---------+---------+-------
      Total |     130 |       0 |   0.0 |      23 |       0 |   0.0
            +---------+---------+-------+---------+---------+-------
        D:1 |      22 |       0 |   0.0 |      12 |       0 |   0.0
        D:2 |     108 |       0 |   0.0 |      11 |       0 |   0.0
            +---------+---------+-------+---------+---------+-------

Illustrated notes

Table legend:
 A = Kills in this place as a percentage of kills in entire the game.
 B = Kills by you in this place as a percentage of kills by you in the entire game.
 C = Kills by friends in this place as a percentage of kills by friends in the entire game.
 D = Other kills in this place as a percentage of other kills in the entire game.
 E = Experience gained in this place as a percentage of experience gained in the entire game.
 F = Experience gained in this place divided by the number of levels of this place that you have seen.
                   A       B       C       D       E      F
               +-------+-------+-------+-------+-------+----------------------
         Total | 100.0 | 100.0 |   N/A |   N/A | 100.0 |  65.0
       Dungeon | 100.0 | 100.0 |   N/A |   N/A | 100.0 |  65.0
               +-------+-------+-------+-------+-------+----------------------

Table legend: (Time is in decaauts)
 A = Elapsed time spent in this place.
 B = Non-inter-level travel time spent in this place.
 C = Inter-level travel time spent in this place.
 D = Time resting spent in this place.
 E = Time spent auto-exploring this place.
 F = Levels seen in this place.
 G = Mean time per level.
                   A        B        C        D        E       F      G
               +--------+--------+--------+--------+--------+-----+--------+
         Total |   1173 |   1159 |     14 |    212 |    795 |   2 |  586.5 |
       Dungeon |   1173 |   1159 |     14 |    212 |    795 |   2 |  586.5 |
               +--------+--------+--------+--------+--------+-----+--------+

Top non-repeatable levels by time:
     D:1: 905 daAuts
     D:2: 268 daAuts
